 Dungeon Crawl Stone Soup version 0.23-a0-671-g42e8185 (webtiles) character file.

1695 DrEnzyme the Fighter (level 8, 74/74 HPs)
             Began as a Grey Draconian Wanderer on Aug 8, 2018.
             Was a Believer of Okawaru.
             Quit the game on level 7 of the Dungeon on Jan 8, 2019.
             The game lasted 00:33:18 (7415 turns).

DrEnzyme the Fighter (Grey Draconian Wanderer)      Turns: 7415, Time: 00:33:19

Health: 74/74      AC: 12    Str: 20    XL:     8   Next: 72%
Magic:  8/8        EV: 14    Int: 14    God:    Okawaru [**....]
Gold:   454        SH:  0    Dex: 12    Spells: 7/7 levels left

rFire    . . .     SeeInvis .   a - +6 hand axe of Okor {chop, rN+ Str+2}
rCold    . . .     Gourm    .   (no shield)
rNeg     + . .     Faith    .   (armour unavailable)
rPois    +         Spirit   +   (helmet restricted)
rElec    .         Reflect  .   w - +0 cloak
rCorr    .         Harm     .   (no gloves)
MR       .....                  (no boots)
Stlth    ++........             A - amulet of guardian spirit
HPRegen  0.22/turn              D - ring of poison resistance
MPRegen  0.11/turn              G - +4 ring of strength

@: no status effects
A: walk through water, unfitting armour, unbreathing, cold-blooded, AC +11
a: Heroism, Renounce Religion


You were on level 7 of the Dungeon.
You worshipped Okawaru.
Okawaru was pleased with you.
You were not hungry.

You visited 1 branch of the dungeon, and saw 7 of its levels.
You also visited: Ossuary.

You collected 454 gold pieces.

Inventory:

Hand Weapons
 a - the +6 hand axe of Okor (weapon) {chop, rN+ Str+2}
   (You found it on level 6 of the Dungeon)

   It inflicts extra damage upon your enemies.
   It affects your strength (+2).
   It protects you from negative energy.
 b - a +1 shortbow
 l - a +2 dagger
 r - a +1 vampiric war axe
Missiles
 d - 85 arrows
Armour
 w - a +0 cloak (worn)
Jewellery
 m - a +1 ring of evasion
 p - an uncursed ring of flight
 t - an uncursed ring of fire
 A - an amulet of guardian spirit (around neck)
 C - an uncursed ring of stealth
 D - a ring of poison resistance (left hand)
 G - a +4 ring of strength (right hand)
Wands
 x - a wand of iceblast (8)
 H - a wand of clouds (1)
Scrolls
 e - 2 scrolls of teleportation
 i - a scroll of identify
 j - a scroll of enchant armour
 q - 2 scrolls of fog
 s - 2 scrolls of amnesia
 y - 3 scrolls of immolation
 F - a scroll of remove curse
Potions
 c - a potion of berserk rage {unknown}
 g - 2 potions of degeneration
 h - a potion of flight
 k - 3 potions of agility
 n - a potion of invisibility {unknown}
 o - 6 potions of cancellation
 u - a potion of might
 v - 5 potions of lignification
 z - a potion of magic
 B - a potion of haste
 E - 6 potions of curing
Comestibles
 f - 8 rations


   Skills:
 + Level 8.0 Fighting
 - Level 0.4 Short Blades
 + Level 3.4 Axes
 * Level 7.0 Bows
 + Level 4.5 Dodging
 - Level 1.0 Stealth
   Level 1.0 Shields
 - Level 1.0 Evocations


You had 7 spell levels left.
You didn't know any spells.
Your spell library was empty.

Dungeon Overview and Level Annotations

Branches:
Dungeon (7/15)             Temple (0/1) D:6

Altars:
Fedhas
Gozag
Makhleb
Okawaru
Uskayaw
Xom
Yredelemnul
Zin

Annotations:
D:4 exclusions: black bear and downstairs


Innate Abilities, Weirdness & Mutations

You can walk through water.
Your dull iron-grey scales are very hard. (AC +11)
You cannot fit into any form of body armour.
You can survive without breathing.
You are cold-blooded and may be slowed by cold attacks.


Message History

Unknown command.
Unknown command.
Unknown command.
Unknown command.
Unknown command.
Unknown command.
Welcome back, DrEnzyme the Grey Draconian Wanderer.
Okawaru says: Bring me glory in combat!
Press ? for a list of commands and other information.
Welcome back, DrEnzyme the Grey Draconian Wanderer.
Okawaru says: Bring me glory in combat!
Press ? for a list of commands and other information.
Welcome back, DrEnzyme the Grey Draconian Wanderer.
Okawaru says: Bring me glory in combat!
Press ? for a list of commands and other information.
A killer bee comes into view.
The killer bee buzzes angrily. x2; You hear an angry buzzing noise.
The jackal barks!
You hear a bark!
A killer bee comes into view.
Are you sure you want to abandon this character and quit the game? (Confirm

,,,,,,,,,**,,..,**,,,..........#*
,,,,,,,,,,......,....,.........##
,,,,****,.#.h...##..**#........#.
*,,,* *,,.....>....#* *#.........
**,,* *,,.yy.......# #......)..
,,,,***,,....y..#..#####.........
,*,,,,*,,......................#.
***,*,,,,......................#.
***,**,,,..y....@...รท###.......#.
,**,**,,,............# ########..
,**,**,,,............# ###..
,**,,*,,*....#######.# #....
,***,,,,,.##** #.# #.##.
,**,,,,,*** **#.#******#.*##
,,,,*,,,* *,...,,,,**.,* #
,*,,,*,,** *,,..,,,,,..**
,*,,**,,,** ***,,,,,,,,##*****


You could see 4 killer bees and a jackal.

Vanquished Creatures
  A water moccasin (D:7)
  A sky beast (D:5)
  2 black bears (D:6)
  A necrophage (D:6)
  A centaur (D:5)
  2 bullfrogs (D:6)
  2 scorpions
  A howler monkey (D:6)
  2 crimson imps (D:6)
  A bullfrog zombie (D:5)
  4 centaur zombies
  3 human zombies (Ossuary)
  2 orc priests
  3 hounds
  Ijyb (D:5)
  2 orc wizards
  A big kobold zombie (Ossuary)
  2 hound zombies (Ossuary)
  3 mummies (Ossuary)
  3 gnolls (D:5)
  6 adders
  A shadow imp (D:6)
  An ooze (D:1)
  5 adder zombies (Ossuary)
  An adder skeleton (D:4)
  5 worms
  5 leopard geckos
  18 orcs
  4 giant cockroaches
  3 goblins
  11 hobgoblins
  5 jackals (D:3)
  8 kobolds
  2 quokkas
  A ball python (D:3)
  8 bats
  4 frilled lizards
  2 goblin zombies (Ossuary)
  3 hobgoblin zombies (Ossuary)
  4 jackal zombies (Ossuary)
  4 kobold zombies (Ossuary)
  8 quokka zombies (Ossuary)
  4 rats
  2 rat zombies (Ossuary)
153 creatures vanquished.

Notes
Turn   | Place    | Note
-------+----------+-------------------------------------------
     0 | D:1      | DrEnzyme the Draconian Wanderer began the quest for the
                  | Orb.
     0 | D:1      | DrEnzyme set off with: a +2 dagger, a potion of haste, a +0
                  | shortbow, 25 arrows, a scroll of teleportation, a ration
     0 | D:1      | Reached XP level 1. HP: 23/23 MP: 1/1
   389 | D:1      | Reached XP level 2. HP: 30/30 MP: 2/2
  1079 | D:2      | Reached XP level 3. HP: 37/37 MP: 3/3
  1225 | D:2      | Found an iron altar of Okawaru.
  1288 | D:2      | Became a worshipper of Warmaster Okawaru
  1357 | D:2      | Reached skill level 1 in Dodging
  1423 | D:2      | Found a basalt altar of Yredelemnul.
  1977 | D:2      | Reached skill level 6 in Fighting
  1977 | D:2      | Reached XP level 4. HP: 44/44 MP: 4/4
  2725 | D:3      | Found a blossoming altar of Fedhas.
  3283 | D:3      | Reached XP level 5. HP: 34/50 MP: 5/5
  3820 | D:4      | Noticed a black bear
  3828 | D:4      | Found a glowing silver altar of Zin.
  4507 | D:5      | Entered Level 5 of the Dungeon
  4559 | D:5      | Reached XP level 6. HP: 40/58 MP: 6/6
  4712 | D:5      | Noticed an ice beast
  4904 | D:5      | Noticed Ijyb
  4921 | D:5      | Killed Ijyb
  4924 | D:5      | Noticed a sky beast
  5130 | D:5      | Reached * piety under Okawaru
  5604 | D:5      | Killed a sky beast
  5642 | D:6      | Got a faintly glowing hand axe
  5664 | D:6      | Reached skill level 7 in Fighting
  5664 | D:6      | Reached skill level 5 in Bows
  5664 | D:6      | Your scales start taking on a dull iron-grey colour.
  5664 | D:6      | Reached XP level 7. HP: 66/66 MP: 7/7
  5664 | D:6      | Gained mutation: You can survive without breathing. [Grey
                  | Draconian growth]
  5680 | D:6      | Reached skill level 1 in Axes
  5861 | D:6      | Found an opulent altar of Gozag.
  5863 | D:6      | Identified the +6 hand axe of Okor {chop, rN+ Str+2} (You
                  | found it on level 6 of the Dungeon)
  5927 | D:6      | Reached ** piety under Okawaru
  6155 | D:6      | Found a hide-covered altar of Uskayaw.
  6237 | D:6      | Found a staircase to the Ecumenical Temple.
  6251 | D:6      | Reached XP level 8. HP: 73/73 MP: 8/8
  6618 | D:5      | Found a burning altar of Makhleb.
  6840 | D:5      | Found a shimmering altar of Xom.
  6908 | D:7      | Found a sand-covered staircase.
  6932 | Ossuary  | Entered an ossuary
  7289 | Ossuary  | Reached skill level 8 in Fighting
  7414 | D:7      | Upgraded the game from 0.23-a0-54-gae6112e to
                  | 0.23-a0-79-gaa8cc03
  7414 | D:7      | Upgraded the game from 0.23-a0-79-gaa8cc03 to
                  | 0.23-a0-671-g42e8185
  7415 | D:7      | Quit the game

Vault maps used:
D:1:      sevenhm_arrival_forest_fort_small_5
D:2:      nicolae_overflow_crystal_walls, okawaru_metal_pillars_1_2
D:3:      fedhas_altar_4
D:4:      zin_academy, hex_large
D:5:      kennysheep_mini, kennysheep_mini_moat, first_ration,
          minmay_misc_feat_x, glass_columns_a, uniq_ijyb
D:6:      lemuel_crystal_altar, lemuel_crystal_altar,
          minmay_temple_entry_junction
D:7:      slow_altar_1, lemuel_round_altar, enter_ossuary_1, glass_columns_b
Ossuary:  minmay_ossuary_two_tombs

Skill      XL: |  1  2  3  4  5  6  7  8 |
---------------+-------------------------+-----
Bows           | 2 3 4 5 7 |  7.0
Dodging        | 1 2 3 4 |  4.5
Fighting       | 6 7 8 |  8.0
Axes           | 2 3 |  3.4
Short Blades   | |  0.4
Stealth        | |  1.0
Shields        | |  1.0
Evocations     | |  1.0

Action                   |  1- 3 |  4- 6 |  7- 9 || total
-------------------------+-------+-------+-------++-------
Melee: Dagger            |    28 |       |       ||    28
       Tailslap          |     1 |       |    21 ||    22
       Hand axe          |       |       |   117 ||   117
       Shortbow          |       |       |     1 ||     1
 Fire: Shortbow          |    92 |   260 |   192 ||   544
Evoke: Wand              |       |     3 |     1 ||     4
  Use: Scroll            |     3 |     9 |     7 ||    19
       Potion            |       |     7 |       ||     7
 Stab: Sleeping          |       |       |     1 ||     1
  Eat: Chunk             |     3 |     3 |     2 ||     8
       Ration            |       |     3 |     1 ||     4
Armor: Skin              |    24 |    30 |    68 ||   122
Dodge: Dodged            |    28 |    98 |    94 ||   220

Table legend:
 A = Non-vault XP
 B = Vault XP
 C = Vault XP percentage of total XP
 D = Non-vault monster count
 E = Vault monster count
 F = Vault count percentage of total count
                 A         B        C        D         E       F
            +---------+---------+-------+---------+---------+-------
      Total |    2422 |       0 |   0.0 |     153 |       0 |   0.0
            +---------+---------+-------+---------+---------+-------
        D:1 |      30 |       0 |   0.0 |      14 |       0 |   0.0
        D:2 |      78 |       0 |   0.0 |      20 |       0 |   0.0
        D:3 |     138 |       0 |   0.0 |      27 |       0 |   0.0
        D:4 |     123 |       0 |   0.0 |      13 |       0 |   0.0
        D:5 |     420 |       0 |   0.0 |      11 |       0 |   0.0
        D:6 |     977 |       0 |   0.0 |      23 |       0 |   0.0
        D:7 |     214 |       0 |   0.0 |       5 |       0 |   0.0
    Ossuary |     442 |       0 |   0.0 |      40 |       0 |   0.0
            +---------+---------+-------+---------+---------+-------
